 Dungeon Crawl Stone Soup version 0.19.1-1-g22dce08 (console) character file.

2931 Grinner the Carver (level 9, -4/70 HPs)
             Began as a Minotaur Monk on Jan 21, 2017.
             Slain by a hog (14 damage)
             ... on level 7 of the Dungeon.
             The game lasted 00:11:08 (5757 turns).

Grinner the Carver (Minotaur Monk)                  Turns: 5757, Time: 00:11:08

Health: -4/70      AC:  2    Str: 17    XL:     9   Next: 50%
Magic:  8/8        EV: 19    Int:  7    God:
Gold:   251        SH:  0    Dex: 15    Spells: 0 memorised, 8 levels left

rFire  . . .     SeeInvis .     a - +1 falchion (elec)
rCold  . . .     Gourm    .     b - +0 robe
rNeg   . . .     Faith    .     (no shield)
rPois  .         Spirit   .     (helmet restricted)
rElec  .         Reflect  .     (no cloak)
rCorr  +         Harm     .     (no gloves)
MR     .....                    (no boots)
Stlth  ++........               B - amulet of magic regeneration
                                (no ring)
                                w - ring of resist corrosion

@: no status effects
A: retaliatory headbutt, horns 2
a: no special abilities


You were on level 7 of the Dungeon.
You were not hungry.

You visited 1 branch of the dungeon, and saw 7 of its levels.

You collected 355 gold pieces.
You spent 104 gold pieces at shops.

Inventory:

Hand Weapons
 a - a +1 falchion of electrocution (weapon)
Armour
 b - a +0 robe (worn)
Jewellery
 w - a ring of resist corrosion (left hand)
 B - an amulet of magic regeneration (around neck)
Wands
 n - a wand of confusion (25/48)
Scrolls
 e - a scroll of blinking {unknown}
 g - a scroll of noise {unknown}
 h - a scroll of fear {unknown}
 j - 2 scrolls of teleportation {unknown}
 m - 5 scrolls of remove curse
 o - 4 scrolls of identify
 p - a scroll of enchant armour {unknown}
 r - 2 scrolls of enchant weapon
 v - 2 scrolls of amnesia
 x - a scroll of immolation {unknown}
 y - 3 scrolls of magic mapping
 A - a scroll of recharging
Potions
 i - 2 potions of invisibility {unknown}
 k - 3 potions of brilliance {unknown}
 l - a potion of degeneration {unknown}
 q - 3 potions of cure mutation {unknown}
 s - 3 potions of lignification {unknown}
 t - 2 potions of mutation {unknown}
 z - a potion of might {unknown}
Comestibles
 c - 4 bread rations
 d - 2 fruits
 f - 7 meat rations
 u - a beef jerky


   Skills:
 - Level 3.6 Fighting
 + Level 11.6 Long Blades
 + Level 10.6 Dodging
 - Level 1.5 Stealth


You had 8 spell levels left.
You didn't know any spells.

Dungeon Overview and Level Annotations

Branches:
Dungeon (7/15)             Temple (0/1) D:7

Altars:
Ashenzari
Cheibriados
Fedhas
Nemelex Xobeh
Ru
Sif Muna
Xom

Shops:
D:5 *


Innate Abilities, Weirdness & Mutations

You reflexively headbutt those who attack you in melee.
You have a pair of horns on your head.


Message History

The hog barely misses you.
You hit the hog.
There is a sudden explosion of sparks!
The hog is severely wounded.
The hog bites you!
You hit the hog.
The hog is severely wounded.
The hog bites you!
* * * LOW HITPOINT WARNING * * *
You are too injured to fight recklessly!
You are too injured to fight recklessly!
You hit the hog. You headbutt the hog.
You kill the hog!
You barely miss the hog. Your headbutt misses the hog. The hog bites you!
* * * LOW HITPOINT WARNING * * *
You hit the hog.
There is a sudden explosion of sparks!
The hog is heavily wounded.
You hit the hog but do no damage.
The hog is heavily wounded.
The hog bites you!
You die...

...#....#...##...####.....^...#
#..#.#..#.#######..#..........#
.....#....#.....#....###.....>#
..........#...h.##.### ##.....#
..........###'###..# ##....#
#.........#%..h.#..# #....##
.......#..#%%...'..# ##....#
......###########h## #....##
).....# #.....@## #......
####..# ###....### ##..####
####..# ##.....#######..## #
......# #.........##..##
......## ##.####......###
.......### #..# ####.....##
#####....#####.## ##.....###
#...........# #.......#
#..##.......# #........#


You could see a hog.

Vanquished Creatures
  The ghost of Yinadele the Covert, a novice SpEn (D:6)
  4 yaks
  2 hogs (D:7)
  A human (D:7)
  3 ogres
  A phantom (D:6)
  5 bullfrogs
  3 scorpions
  A howler monkey (D:5)
  A quasit (D:7)
  4 hounds
  A bullfrog zombie (D:6)
  An iron imp (D:7)
  3 orc wizards
  5 bullfrog skeletons
  An iguana (D:6)
  Ijyb (D:2)
  Natasha (twice) (D:3)
  3 worker ants
  A hound zombie (D:6)
  Robin (D:2)
  A howler monkey skeleton (D:7)
  2 adders (D:2)
  3 gnolls (D:4)
  2 shadow imps (D:5)
  An ooze (D:2)
  4 dart slugs
  5 leopard geckos
  20 orcs
  A giant cockroach (D:2)
  14 goblins
  13 hobgoblins
  7 jackals
  4 quokkas
  2 ball pythons
  A ball python skeleton (D:4)
  6 bats
  3 frilled lizards
  8 kobolds
  A leopard gecko zombie (D:5)
  9 rats
152 creatures vanquished.

Notes
Turn   | Place    | Note
-------+----------+-------------------------------------------
     0 | D:1      | Grinner the Minotaur Monk began the quest for the Orb.
     0 | D:1      | Reached XP level 1. HP: 19/19 MP: 0/0
   127 | D:1      | Reached skill level 4 in Long Blades
   153 | D:1      | Reached XP level 2. HP: 12/26 MP: 1/1
   503 | D:2      | Reached XP level 3. HP: 27/31 MP: 2/2
   509 | D:2      | Noticed Robin
   541 | D:2      | Killed Robin
   541 | D:2      | Reached skill level 5 in Long Blades
   547 | D:2      | Reached XP level 4. HP: 31/39 MP: 3/3
   559 | D:2      | Found a deep blue altar of Sif Muna.
   712 | D:2      | Noticed Ijyb
   721 | D:2      | Killed Ijyb
  1086 | D:3      | Noticed Natasha
  1094 | D:3      | Killed Natasha
  1094 | D:3      | Reached XP level 5. HP: 43/45 MP: 4/4
  1120 | D:3      | Noticed Natasha
  1125 | D:3      | Killed Natasha
  1125 | D:3      | Reached skill level 6 in Long Blades
  1125 | D:3      | Reached skill level 5 in Dodging
  1149 | D:3      | Found a shattered altar of Ashenzari.
  1720 | D:4      | Reached XP level 6. HP: 19/51 MP: 5/5
  2371 | D:4      | Found a blossoming altar of Fedhas.
  2371 | D:4      | Found a shimmering altar of Xom.
  2449 | D:4      | Reached skill level 7 in Long Blades
  2514 | D:4      | Reached XP level 7. HP: 57/57 MP: 6/6
  2749 | D:5      | Entered Level 5 of the Dungeon
  2850 | D:5      | Reached skill level 8 in Long Blades
  3113 | D:5      | Found Oloovuod's General Store.
  3121 | D:5      | Bought a +0 falchion of electrocution for 104 gold pieces
  3327 | D:6      | Noticed Yinadele's ghost (novice SpEn)
  3723 | D:6      | Killed Yinadele's ghost
  3723 | D:6      | Reached skill level 9 in Long Blades
  3723 | D:6      | Reached XP level 8. HP: 30/64 MP: 7/7
  4192 | D:6      | Found a sacrificial altar of Ru.
  4324 | D:6      | Found a sparkling altar of Nemelex Xobeh.
  4399 | D:6      | Reached skill level 10 in Long Blades
  4800 | D:6      | Reached XP level 9. HP: 70/70 MP: 8/8
  4934 | D:7      | Found a sparkling altar of Nemelex Xobeh.
  5299 | D:7      | Reached skill level 11 in Long Blades
  5299 | D:7      | Reached skill level 10 in Dodging
  5451 | D:7      | Found a snail-covered altar of Cheibriados.
  5495 | D:7      | Found a staircase to the Ecumenical Temple.
  5757 | D:7      | Slain by a hog

Skill      XL: |  1  2  3  4  5  6  7  8  9 |
---------------+----------------------------+-----
Long Blades    | 4 5 6 7 9 10 11 | 11.6
Dodging        | 4 5 6 8 9 10 | 10.6
Fighting       | |  3.6
Stealth        | |  1.5

Action                   |  1- 3 |  4- 6 |  7- 9 || total
-------------------------+-------+-------+-------++-------
Melee: Falchion          |    75 |   151 |   183 ||   409
       Headbutt          |     7 |    29 |    31 ||    67
Evoke: Wand              |       |       |     4 ||     4
  Use: Potion            |     2 |     3 |     5 ||    10
       Scroll            |       |       |     5 ||     5
 Stab: Sleeping          |       |     4 |     3 ||     7
       Confused          |       |       |     2 ||     2
  Eat: Chunk             |       |     6 |     6 ||    12
       Bread ration      |       |       |     1 ||     1
Armor: Robe              |     9 |     6 |    13 ||    28
Dodge: Dodged            |    59 |    99 |   112 ||   270
       Rpst.: Falchion   |    19 |    21 |    27 ||    67
